[Event "13th Rheinland-Pfalz-Open 2023"]
[Site "Neuwied-Engers"]
[Date "2023.06.10"]
[Round "5.3"]
[White "Peng, Li Min"]
[Black "Koehler, Christian Friedrich"]
[Result "1-0"]
[Annotator "TA"]
[ECO "C42"]
[WhiteElo "2530"]
[BlackElo "2202"]
[PlyCount "55"]
[EventDate "2023.01.12"]
[EventType "swiss"]
[EventCountry "GER"]
[SourceTitle "playchess.com"]
[Source "ChessBase"]
[SourceQuality "1"]
[TimeControl "40/5400+30:1800+30"]

1. e4 e5 2. Nf3 Nf6 3. Nxe5 d6 4. Nxf7 Kxf7 5. Nc3 c5 6. Bc4+ {[%emt 0:01:05] C42: Petroff Defence: 3 Nxe5 and unusual White 3rd moves.} Be6 7. Bxe6+ Kxe6 8. d4 $1 {[%emt 0:00:21][%cal Bd2d4,Bd4c5][%mdl 32] Black has an edge.} (8. Qf3 Nc6 9. O-O (9. Qf5+ $2 Kf7 $19) 9... Kf7 $17) 8... Kf7 9. dxc5 $1 Nc6 10. Qe2 $1 g6 {[%emt 0:26:00] [#]} (10... Qd7 $11) 11. Bg5 $146 {[%emt 0:01:07][%mdl 1024] White has strong compensation.} ({Predecessor:} 11. O-O Qa5 12. b4 Qxb4 13. Rb1 Qxc5 14. Rxb7+ Be7 15. Nd5 Rab8 16. Be3 Qa5 17. Nxe7 Rxb7 18. Nxc6 {½-½ Nelis,J (2242)-Gourion,D (2014) FRA-chT2 South 0809 2008 (5.6)}) 11... h6 12. Bh4 {[%emt 0:00:03] White is more active.} (12. Bxf6 $16 Qxf6 13. Nd5 Qxb2 14. O-O) 12... Qa5 (12... dxc5 13. e5 Nxe5 14. Qxe5 $16) 13. O-O-O (13. Qf3 g5 14. Bg3 Qxc5 $15) 13... g5 ({Don't do} 13... Qxc5 14. Bxf6 (14. Qf3 g5 $11) 14... Kxf6 15. Rd5 $16 (15. Qf3+ Kg7 $17)) 14. Bg3 Qxc5 15. Rhf1 (15. f4 $14) 15... Re8 {[%emt 0:04:34] [#]} (15... Kg8 $1 $11) 16. f4 $1 {[%emt 0:05:06][%cal Oe4e5] Strongly threatening e5!} Re6 (16... Nd4 $2 17. Qd3 Nc6 18. Nd5 Nxd5 19. exd5 $16 (19. fxg5+ Ke7 $16)) (16... Bg7 $14) 17. fxg5 hxg5 {[%emt 0:04:21] [#]} ({Much less strong is} 17... Qxg5+ 18. Kb1 $14) 18. e5 {[%emt 0:03:03] Really sharp!} ({Better is} 18. Rd5 $1 $16 Qb6 19. Rdf5) 18... Rxe5 ({Black should try} 18... Nxe5 $14 19. Ne4 Qc4 20. Qxc4 (20. Nxg5+ Ke7 $14) 20... Nxc4 21. Nxg5+ Ke7) 19. Bxe5 $18 Qxe5 (19... Nxe5 $2 20. Ne4 Qb6 21. Nxf6 $18) 20. Qc4+ Kg7 21. Rde1 Qd4 22. Qe6 Be7 (22... Rh6 $142 23. Ne4 Nd8) 23. Rf5 Rf8 $2 (23... Rxh2 24. Nb5 Qh4) 24. Rxg5+ Kh8 25. Rf1 {[%emt 0:00:31][%cal Of1f6] Prevents Qf4+. Black must now prevent Rxf6!} Qh4 26. Rg3 Qh6+ 27. Kb1 Qd2 {[%emt 0:00:04] [#]} 28. Rxf6 $1 {[%emt 0:00:17][%mdl 512] Beautiful play by Peng!   Weighted Error Value: White=0.09 (flawless) /Black=0.86} 1-0

[Event "13th Rheinland-Pfalz-Open 2023"]
[Site "Neuwied-Engers"]
[Date "2023.06.10"]
[Round "5.4"]
[White "Drahtschmidt, Peter"]
[Black "Stillger, Bernhard"]
[Result "0-1"]
[Annotator "TA"]
[ECO "A36"]
[WhiteElo "2133"]
[BlackElo "2289"]
[PlyCount "82"]
[EventDate "2023.01.12"]
[EventType "swiss"]
[EventCountry "GER"]
[SourceTitle "playchess.com"]
[Source "ChessBase"]
[SourceQuality "1"]
[TimeControl "40/5400+30:1800+30"]

1. c4 c5 2. Nc3 g6 3. g3 Bg7 4. Bg2 Nc6 5. d3 d6 6. e4 e6 7. Nge2 Nge7 8. Be3 Nd4 9. O-O O-O 10. Qd2 Nec6 11. Bh6 Bxh6 {[%emt 0:00:00] A36: Symmetrical English vs ...g6: 4 Bg2 Bg7.} 12. Qxh6 Qf6 13. Nxd4 Nxd4 {[%emt 0:00:00] The position is equal.} 14. f4 Qg7 15. Qh4 {[%emt 0:04:50] [#]} f6 $146 ({Predecessor:} 15... Bd7 16. g4 Bc6 17. Rf2 Rab8 18. a4 Kh8 19. Re1 f6 20. Qg3 e5 21. Ref1 Ne6 {½-½ Gabrielian,A (2448)-Iskusnyh,S (2473) Titled Tuesday intern op 09th Mar blitz 2021 (10)}) 16. g4 Bd7 17. Rae1 g5 18. fxg5 fxg5 19. Qg3 Qe5 (19... e5 {simplifies} 20. Rxf8+ Rxf8 21. Nd5 Ne6) 20. Qh3 (20. Rxf8+ $11 {keeps the balance.} Rxf8 21. Qxe5 dxe5 22. Rf1) 20... Kg7 $17 {[%emt 0:00:00] Black is much more active.} 21. Ne2 Rxf1+ 22. Bxf1 Rf8 (22... Nc2 $142 23. Rb1 Rf8) 23. Nxd4 Qxd4+ (23... cxd4 {simplifies} 24. Qg3 Qa5 25. Ra1 Rf4) 24. Qe3 Kf6 ({Much weaker is} 24... Qxb2 $6 25. Qxg5+ Kh8 26. Be2 $11) 25. Qxd4+ cxd4 $15 {[%emt 0:00:00][%mdl 4096] Endgame KRB-KRB} 26. e5+ dxe5 27. Bg2 Rb8 28. Rf1+ Ke7 29. b4 (29. Re1 $1 $11 {remains equal.}) 29... Bc6 $17 30. a3 a6 31. Re1 {[%emt 0:01:15] [#]} (31. Bxc6 $17 {was worth a try.} bxc6 32. Kf2) 31... Kf6 $2 (31... Bxg2 $1 $19 32. Kxg2 Kd6) 32. Rf1+ $11 Ke7 $2 (32... Kg7 $11) 33. Re1 $19 {[%emt 0:00:01] [#]} Bxg2 34. Kxg2 {[%emt 0:00:01] KR-KR} Kd6 35. Rf1 $2 {[%emt 0:00:11] [#]} (35. Kg3) 35... e4 $1 36. Rf7 (36. dxe4 $142 Ke5 37. Rf7) (36. c5+ Ke5) 36... exd3 37. Kf3 Ke5 38. h3 b6 {[%emt 0:00:30] Threatens to win with ...Rc8.} 39. Kf2 Rc8 40. Rb7 Rxc4 {[%emt 0:00:06] ( -> ...Rc1)} 41. Rxb6 Rc1 {[%emt 0:30:10] Weighted Error Value: White=0.77/Black=0.41} 0-1

[Event "13th Rheinland-Pfalz-Open 2023"]
[Site "Neuwied-Engers"]
[Date "2023.06.10"]
[Round "5.5"]
[White "Chassard, Cedric"]
[Black "Ronge, Tim"]
[Result "1/2-1/2"]
[Annotator "TA"]
[ECO "B30"]
[WhiteElo "2094"]
[BlackElo "2266"]
[PlyCount "86"]
[EventDate "2023.01.12"]
[EventType "swiss"]
[EventCountry "GER"]
[SourceTitle "playchess.com"]
[Source "ChessBase"]
[SourceQuality "1"]
[TimeControl "40/5400+30:1800+30"]

1. e4 c5 2. Nf3 Nc6 3. Bb5 e6 4. Bxc6 bxc6 5. b3 d6 6. e5 {[%emt 0:01:06] B30: Sicilian: 2...Nc6 3 Bb5, lines without ...g6.} f6 7. exd6 Bxd6 8. d3 {[%emt 0:01:49] White is slightly better.} Ne7 {[%emt 0:01:26] [#]} 9. Na3 $146 ({Predecessor:} 9. Nc3 Nd5 10. Ne4 Be7 11. O-O O-O 12. Ba3 Qa5 13. Bb2 e5 14. Nfd2 Be6 15. Nc4 {1-0 Meier,G (2614)-Panjwani,R (2485) American Continental 17th 2023 (7)}) 9... O-O 10. Nc4 e5 11. h3 {[%emt 0:01:05] Repels Bg4} Be6 12. O-O Ng6 13. Nxd6 Qxd6 14. Nd2 f5 {[%emt 0:02:11] Wards off Ne4} 15. Nc4 Qe7 16. Qe2 Bd5 17. f4 Qh4 (17... Bxc4 $142 18. dxc4 e4) 18. Nxe5 $16 (18. fxe5 $6 f4 $14) 18... Nxe5 19. fxe5 Rae8 {[%emt 0:02:20] [#] ...Qd4+ would be deadly.} 20. Qf2 Qh5 (20... Qxf2+ $16 {is a better defense.} 21. Rxf2 Rxe5) 21. c4 $18 (21. Qxc5 $6 Qe2 22. Qf2 Rxe5 $16) 21... Be6 22. Qf3 (22. Qxc5 $18 Rc8 23. Qxa7) 22... Qh4 (22... Qxf3 $16 23. Rxf3 Bc8) 23. Qf4 (23. Qxc6 $2 {is the wrong capture.} Qd4+ $19) (23. Be3 $18) 23... Qd8 24. Rf3 h6 25. h4 ({White should play} 25. Qe3) 25... Bf7 $16 26. Rg3 {[%emt 0:03:17] Strongly threatening Ba3.} (26. Qxf5 Qd4+ 27. Kh2 Bd5 $19) 26... Bh5 27. Be3 ({But not} 27. Qxh6 $6 Qd4+ 28. Qe3 Qxa1 $11) 27... Qe7 28. d4 (28. Qxh6 $2 {loses.} Qxe5 $19) 28... Bg4 29. d5 cxd5 30. cxd5 {[%emt 0:00:05] [#] aiming for e6.} Qxe5 31. Qxe5 Rxe5 32. Bxc5 Rf7 33. Rd3 f4 34. Rf1 a6 35. Rf2 g5 36. hxg5 hxg5 37. Rfd2 Bd7 (37... Rc7 $5 38. b4 Rh7 $11) 38. a4 {[%emt 0:01:42] Dodges Bb5} g4 {[%emt 0:00:49] The position is equal.} 39. Bd6 Re1+ 40. Kf2 Rb1 41. Rd1 Rb2+ 42. R1d2 Rb1 43. Rd1 Rb2+ {[%emt 0:00:00] White really could win this.   Weighted Error Value: White=0.20 (precise) /Black=0.19 (very precise)} 1/2-1/2

[Event "13th Rheinland-Pfalz-Open 2023"]
[Site "Neuwied-Engers"]
[Date "2023.06.10"]
[Round "5.6"]
[White "Morlo, Michael"]
[Black "Iolis, Oleg"]
[Result "0-1"]
[Annotator "TA"]
[ECO "A28"]
[WhiteElo "2262"]
[BlackElo "2168"]
[PlyCount "52"]
[EventDate "2023.01.12"]
[EventType "swiss"]
[EventCountry "GER"]
[SourceTitle "playchess.com"]
[Source "ChessBase"]
[SourceQuality "1"]
[TimeControl "40/5400+30:1800+30"]

1. c4 e5 2. Nc3 Nf6 3. Nf3 Nc6 4. a3 g6 5. e4 Bg7 6. d3 {[%emt 0:01:03] A28: English Opening: Four Knights Variation.} ({Reject} 6. d4 exd4 7. Nxd4 Nxe4 8. Nxc6 Nxc3 9. Nxd8 Nxd1 10. Kxd1 Kxd8 $17) 6... d6 7. h3 O-O {[%emt 0:03:30] [#]} 8. Bg5 $146 {[%emt 0:00:32] The position is equal.} ({Predecessor:} 8. Be3 Nd7 9. d4 exd4 10. Nxd4 Re8 11. Nxc6 bxc6 12. Qc2 Nc5 13. O-O-O Qe7 14. f3 {1-0 Kortschnoj,V (2619)-Podgaets,M (2487) Geller Memorial rapid 2005 (5)}) 8... Nd4 (8... h6 $5 9. Bd2 Nd7 $15) 9. Nxd4 exd4 10. Nd5 {[%emt 0:00:03] Qf3 is the strong threat.} c6 11. Nxf6+ Bxf6 12. Bxf6 Qxf6 13. Be2 d5 14. cxd5 cxd5 15. exd5 Qg5 16. Bf3 Re8+ 17. Kf1 h5 18. h4 ({White should play} 18. Qa4 $16 Qe5 19. g3) 18... Qf6 $11 19. g3 b6 20. Kg2 Bb7 21. Qb3 Re5 {[%emt 0:00:36][%cal Be8e5,Be5f5,Bf5f3][%mdl 32] Hoping for ...Rf5.} 22. Rae1 $2 {[%emt 0:05:46] Loses the game.} (22. Rhf1 $11 {and White has nothing to worry.}) 22... Rf5 $19 23. Qd1 {[%emt 0:00:09] [#]} Rd8 $1 {[%emt 0:00:57][%cal Of5f3] aiming for ...Rxf3!} 24. Rhf1 $2 {[%emt 0:07:20] [#]} (24. Re4) 24... Rxf3 $1 {[%emt 0:00:51][%mdl 576] Remove Defender. Black is clearly winning.} 25. Qxf3 Bxd5 {[%emt 0:00:06][%mdl 64] Pin} 26. Re4 Qxf3+ {[%emt 0:00:06] Weighted Error Value: White=0.43/Black=0.06 (flawless)} 0-1

[Event "13th Rheinland-Pfalz-Open 2023"]
[Site "Neuwied-Engers"]
[Date "2023.06.10"]
[Round "5.7"]
[White "Kotyk, Michael"]
[Black "Gramb, Marius"]
[Result "1-0"]
[Annotator "TA"]
[ECO "E46"]
[WhiteElo "2089"]
[BlackElo "2231"]
[PlyCount "135"]
[EventDate "2023.01.12"]
[EventType "swiss"]
[EventCountry "GER"]
[SourceTitle "playchess.com"]
[Source "ChessBase"]
[SourceQuality "1"]
[TimeControl "40/5400+30:1800+30"]

1. d4 Nf6 2. c4 e6 3. Nc3 Bb4 4. e3 O-O 5. Nge2 c6 6. a3 {[%emt 0:00:08] E46: Nimzo-Indian: Rubinstein: 4 e3 0-0 5 Ne2 without early Bd3.} Ba5 7. b4 Bc7 8. e4 {[%emt 0:00:04] The position is equal.} d5 9. e5 Nfd7 10. cxd5 {[%emt 0:00:06] The modern move.} exd5 11. f4 $1 {[%emt 0:00:09] [#]} Re8 $146 (11... Qe8 $11 {keeps the balance.}) ({Predecessor:} 11... Qe7 12. Qc2 Bb6 13. Na4 f6 14. Nxb6 axb6 15. Bb2 b5 16. Ng3 fxe5 17. fxe5 Nb6 {0-1 Kuzubov,Y (2667)-Volokitin,A (2641) UKR-ch 88th Lutsk 2019 (5)}) 12. g3 (12. Ng3 $1 $16) 12... Nf8 (12... Nb6 $11) 13. Bg2 $14 Be6 14. h3 Nbd7 15. O-O {[%emt 0:01:27] And now f5 would win.} f5 {[%emt 0:00:33] [#]} (15... g6 $1 $14) 16. g4 Qh4 17. gxf5 (17. Qd3 $5 ) 17... Bxf5 18. Kh2 Ne6 (18... Re6 {simplifies} 19. Qe1 Qxe1 20. Rxe1 Ng6) 19. Ng3 g6 20. Nxf5 gxf5 21. Be3 Nb6 22. Qf3 Nc4 23. Ne2 Kh8 24. Bf2 (24. b5 $11 {feels stronger.}) 24... Qh6 $15 25. Qd3 {[%emt 0:00:08] Against Nd2} Rf8 (25... Nxf4 26. Nxf4 Qxf4+ 27. Bg3 $11) (25... Rg8 {looks sharper.} 26. Bg3 Raf8 27. Rf3 b5) 26. Bg3 Rf7 27. b5 Rg8 ({But not} 27... cxb5 28. Bxd5 Rg8 29. Bh4 $16 (29. Bxb7 Bxe5 30. fxe5 f4 $11)) 28. bxc6 bxc6 29. Rac1 Rfg7 30. Rf3 Bb6 31. Rxc4 $2 (31. a4 $17 {only move.}) 31... dxc4 $19 32. Qxc4 Nc7 $2 (32... Rg6 $1 $19 {Strongly threatening ...Qg7.} 33. Qd3 Qg7) 33. Rc3 {[%emt 0:00:56] [#]} ({White should play} 33. Qc2 $15) 33... Nb5 ({Better is} 33... Ba5 $1 $17 34. Rb3 (34. Qxc6 $2 {too greedy.} Rg6 $19) 34... Rg6) 34. Rd3 $11 {[%emt 0:01:30] Chess con chili.} Rg6 $1 {[%emt 0:01:51] ...Qg7 would be deadly.} 35. d5 $2 {[%emt 0:02:04][%mdl 8192] [#]} (35. a4 $11 Nc7 36. Bf3) 35... Nxa3 $4 36. Rxa3 $18 cxd5 37. Bxd5 Rd8 (37... Rb8 $142 38. Rb3 Qf8) 38. Rd3 Qf8 39. Bh4 Rc8 40. Qb3 Rb8 41. Qc3 {[%emt 0:32:16] aiming for Bf6+.} Bd8 {[%emt 0:19:33] Inhibits Bf6+.} 42. Bxd8 Rxd8 43. e6+ Qg7 44. Qxg7+ Kxg7 {[%emt 0:01:39] [#]} 45. Re3 Kf6 (45... Re8 46. Nd4) 46. Re5 (46. e7 $142 Re8 47. Ng3 Rxg3 48. Re6+ Kf7 49. Kxg3) 46... Rxd5 47. Rxd5 {[%emt 0:00:00] White threatens Nd4 and mate.} Kxe6 {[%emt 0:00:09][%mdl 4096] Endgame KRN-KR} 48. Ra5 {[%emt 0:00:00] Hoping for Nd4+.} Rg8 49. Nd4+ Kd6 50. Nxf5+ Ke6 51. Nd4+ Kd6 52. Rxa7 Kd5 53. Ne2 Ke4 54. Ra3 h5 55. Rg3 Rb8 56. Kg2 {[%emt 0:00:00] Intending Rg5 and mate.} h4 57. Rf3 Rb2 58. Kf2 Kf5 59. Re3 Rb1 60. Re5+ Kg6 61. Rg5+ Kh6 62. Rg8 Rh1 63. Rh8+ Kg7 64. Rxh4 Rh2+ 65. Kf3 Kg6 66. Rg4+ Kf6 67. Ng1 Ra2 68. Kg3 {[%emt 0:00:00] An interesting game.   Weighted Error Value: White=0.61/Black=0.52} 1-0

[Event "13th Rheinland-Pfalz-Open 2023"]
[Site "Neuwied-Engers"]
[Date "2023.06.10"]
[Round "5.8"]
[White "Hinrichs, Paul"]
[Black "Wiley, Tom E"]
[Result "0-1"]
[Annotator "TA"]
[ECO "E55"]
[WhiteElo "2210"]
[BlackElo "2126"]
[PlyCount "108"]
[EventDate "2023.01.12"]
[EventType "swiss"]
[EventCountry "GER"]
[SourceTitle "playchess.com"]
[Source "ChessBase"]
[SourceQuality "1"]
[TimeControl "40/5400+30:1800+30"]

1. d4 Nf6 2. c4 e6 3. Nc3 Bb4 4. e3 O-O 5. Bd3 d5 6. Nf3 dxc4 7. Bxc4 c5 8. O-O Nbd7 9. Qe2 {[%emt 0:08:12] 9.a3 is the modern continuation.} b6 10. Rd1 Bb7 {[%emt 0:02:35] E55: Nimzo-Indian: Rubinstein: Main Line: 7...dxc4 8 Bxc4 Nbd7.} 11. d5 exd5 12. Nxd5 Nxd5 {[%emt 0:00:43] White is slightly better.} 13. Bxd5 Bxd5 14. Rxd5 Qe7 15. a3 Ba5 16. e4 Nf6 17. Re5 Qb7 18. Rb1 {[%emt 0:09:19] [#] Strongly threatening b4.} b5 $146 ({Predecessor:} 18... Ng4 19. Rf5 Rae8 20. Rf4 Nf6 21. e5 Nd5 22. b4 Rd8 23. Bd2 Nxf4 24. Bxf4 cxb4 25. axb4 Bxb4 26. Rxb4 a5 27. Rb1 b5 28. g3 b4 29. Ng5 h6 {½-½ Lyukmanov,V (2416)-Ludwig,C (2369) W-ch33 sf03 email 2009}) 19. Rxc5 a6 20. e5 Bb6 $1 21. Rc2 Ng4 22. Qe1 Rae8 23. Re2 {[%emt 0:02:02] Threatening h3.} (23. h3 $5 Nxe5 24. Nxe5 $11) 23... f6 24. exf6 $2 {[%emt 0:08:24][%mdl 8192] This move loses the game for White.} (24. h3 $11 {and White is okay.} Nxe5 25. Nxe5 Rxe5 26. Rxe5 {[%mdl 64] Remove Defender} fxe5 27. Be3) 24... Bxf2+ $19 25. Qxf2 Nxf2 26. Rxf2 Rxf6 27. Bd2 Rfe6 28. Bc3 Re2 29. Rd1 Qb6 ({But not} 29... Rxf2 $2 30. Kxf2 Qa7+ 31. Bd4 $19) 30. Bd4 Qg6 31. Bc3 Rxf2 32. Kxf2 Qf5 33. h3 h6 34. Kf1 Re3 35. Rd2 {[%emt 0:09:22] [#]} Rxc3 $1 36. bxc3 {[%emt 0:00:07][%mdl 4096] Endgame KQ-KRN} Qc5 37. Rd8+ Kh7 38. Ra8 Qxa3 39. h4 Qxc3 40. Rxa6 b4 {[%emt 0:00:10] ( -> ...Qd3+)} 41. Rb6 Qd3+ 42. Kf2 b3 (42... Qc2+ $142 43. Kf1 Qc1+ 44. Ke2 Qc7 45. Rxb4 Qe7+ 46. Kf2 Qxb4 47. Ke3 Qc5+ 48. Ke2 Qc2+ 49. Nd2 Kg6 50. g3 Kf5 51. Ke1 Qc3 52. Ke2 Qxg3 53. h5 Kf4 54. Kd1 Qd3 55. Ke1 Qc3 56. Ke2 Qc2 57. Ke1 Ke3 58. Nf1+ Kd3 59. Nd2 Qxd2+ 60. Kf1 Qh2 61. Ke1 Qg1#) 43. Rb7 Qc2+ {[%emt 0:00:33][%mdl 64] [#] Skewer} 44. Ke3 b2 45. Nd2 Qc3+ (45... Qc8 $142 46. Rb3 Qe6+ 47. Kf2 Qxb3 {[%mdl 64] Deflection, Promotion} 48. Nxb3 b1=Q 49. Nd4 Qb6 50. Ke3 Qc5 51. Ke4 Qe7+ 52. Kd3 Qa3+ 53. Ke4 Qa8+ 54. Kf4 Qxg2 55. Nf5 Kg6 56. Ne3 Qf2+ 57. Ke4 Qxh4+ 58. Ke5 Qg5+ 59. Ke4 Qh4+ 60. Kd3 h5 61. Nd5 Qh3+ 62. Kd4 Qf3 63. Ke5 h4 64. Nf4+ Kf7 65. Ne6 Qf6+ 66. Kd6 Qxe6+ 67. Kc5 h3 68. Kd4 h2 69. Kd3 h1=Q 70. Kd2 Qhd5+ 71. Kc1 Qe2 72. Kb1 Qh1#) 46. Ke2 Qc6 47. Rxb2 Qxg2+ 48. Ke3 Qg1+ 49. Ke2 Qh2+ 50. Kf1 Qf4+ {[%emt 0:00:00] Black mates.} 51. Kg2 Qd4 52. Rc2 Qg4+ 53. Kh2 Qxh4+ 54. Kg2 Qg5+ {[%emt 0:00:00] Weighted Error Value: White=0.89/Black=0.34} 0-1

[Event "13th Rheinland-Pfalz-Open 2023"]
[Site "Neuwied-Engers"]
[Date "2023.06.10"]
[Round "5.9"]
[White "Baerwinkel, Tobias"]
[Black "Yankelevich, Michael"]
[Result "1-0"]
[Annotator "TA"]
[ECO "D02"]
[WhiteElo "2324"]
[BlackElo "2031"]
[PlyCount "106"]
[EventDate "2023.01.12"]
[EventType "swiss"]
[EventCountry "GER"]
[SourceTitle "playchess.com"]
[Source "ChessBase"]
[SourceQuality "1"]
[TimeControl "40/5400+30:1800+30"]

1. d4 d5 2. c4 e6 3. Nf3 Nf6 4. g3 Bd6 5. Bg2 O-O 6. O-O Nc6 {[%emt 0:03:03] D02: 1 d4 d5 2 Nf3 sidelines, including 2...Nf6 3 g3 and 2...Nf6 3 Bf4.} 7. Nbd2 {[%emt 0:04:30] 7.b3 is setting a new trend.} a5 8. Qc2 {[%emt 0:04:58] [#]} Re8 $146 {[%emt 0:06:55] The position is equal.} (8... Nb4 $5 9. Qb1 Be7 $11) ({Predecessor:} 8... Nb4 9. Qc3 c5 10. cxd5 cxd4 11. Nxd4 Nfxd5 12. Qb3 Bc5 13. a3 Bxd4 14. axb4 Nxb4 {½-½ Mchedlishvili,M (2595)-Yakubboev,N (2630) Sharjah Masters 5th 2022 (7)}) 9. e4 dxe4 10. Nxe4 Nxe4 11. Qxe4 e5 {[%emt 0:00:54] aiming for ...exd4.} 12. Ng5 $1 g6 13. Qh4 h5 14. Bd5 Rf8 15. dxe5 {[%emt 0:07:59] White is more active.} (15. f4 $1 $16 Nxd4 16. fxe5) 15... Nxe5 $11 16. Bf4 $40 {[%emt 0:01:58][%mdl 128] White attacks.} Qf6 17. Rad1 Be6 (17... c6 $11 {keeps the balance.} 18. Bg2 Nxc4) 18. Nxe6 $16 {[%emt 0:16:14][%mdl 64] Discovered Attack} (18. Bxb7 Rab8 19. Bd5 Bxd5 20. Rxd5 c6 21. Rxa5 (21. Bxe5 Bxe5 22. Rxa5 Rxb2 $11) 21... Rxb2 $11) 18... Qxh4 19. gxh4 fxe6 20. Bxe6+ (20. Bxb7 Rab8 21. Bxe5 Bxe5 $17) 20... Kg7 {[%emt 0:00:39] [#]} 21. Bg3 {[%emt 0:01:37][%cal Oc4c5] A strong pair of Bishops.} Rae8 22. Bd5 b6 23. Kg2 ({White should try} 23. Rfe1 $16) 23... Bc5 (23... Ng4 $14) 24. Rfe1 Ng4 {[%emt 0:00:15] [#]} (24... Bd6 $16 25. Re4 Ng4) 25. Bf3 $1 $18 ({Stronger than} 25. Bxc7 Rxf2+ 26. Kg3 Ne3 $15) 25... Rxe1 26. Rxe1 Nh6 27. Be5+ Kh7 28. Bxc7 Nf5 29. Bg3 Rd8 30. Bd5 Ne7 31. Re5 Nf5 32. b3 Rf8 33. Re2 Rd8 34. Re6 Rf8 (34... Nxg3 $142 35. hxg3 (35. fxg3 Rd6 $16) 35... Rd6) 35. f3 {[%emt 0:02:44] And now Be4 would win.} Ne3+ 36. Kh3 {[%emt 0:00:06] Be4 would be deadly.} Nxd5 37. cxd5 {[%emt 0:00:03] Strongly threatening d6.} Rxf3 $16 {[%emt 0:00:00][%mdl 4096] Endgame KRB-KRB} 38. d6 {[%emt 0:01:57] d7 is the strong threat.} Rd3 39. Kg2 Kg7 40. Be5+ Kf7 41. Rf6+ Ke8 42. Rxg6 Kd7 43. Rh6 b5 $2 {[%emt 0:00:00][%mdl 8192] This costs Black the game.} (43... Bxd6 $16 {might work better.} 44. Bxd6 (44. Rxh5 Rd2+ 45. Kh3 Rxa2 $16) 44... Rxd6 45. Rxh5 Rd2+ 46. Kh3 Rxa2) 44. Rxh5 $18 a4 45. Bg3 Bxd6 46. Rxb5 a3 47. Bxd6 Kxd6 {[%emt 0:00:00] KR-KR} 48. Rf5 Ke6 49. Rf3 ({Less strong is} 49. Rf2 Ke7 50. h3 Ke6 $18) 49... Rd2+ 50. Rf2 Rd3 51. h5 {[%emt 0:00:00][%cal Bh4h5,Bh5h6][%mdl 32] Hoping for h6.} Rd5 52. h6 {[%emt 0:00:00] Threatens to win with Rf3.} Rh5 53. Rf4 Kd5 $2 {[%emt 0:16:39] Weighted Error Value: White=0.09 (flawless) /Black=0.26 (precise)} (53... Rxh6 54. h4 Rh8) 1-0

[Event "13th Rheinland-Pfalz-Open 2023"]
[Site "Neuwied-Engers"]
[Date "2023.06.10"]
[Round "5.10"]
[White "Karsay, Pascal"]
[Black "Roos, Christoph"]
[Result "1/2-1/2"]
[Annotator "TA"]
[ECO "A34"]
[WhiteElo "2338"]
[BlackElo "2038"]
[PlyCount "63"]
[EventDate "2023.01.12"]
[EventType "swiss"]
[EventCountry "GER"]
[SourceTitle "playchess.com"]
[Source "ChessBase"]
[SourceQuality "1"]
[TimeControl "40/5400+30:1800+30"]

1. Nf3 c5 2. c4 Nf6 3. Nc3 Nc6 4. g3 e6 5. Bg2 Be7 6. O-O O-O 7. d4 cxd4 8. Nxd4 d5 9. cxd5 Nxd5 10. Nxd5 exd5 11. Be3 Bf6 12. Rc1 {[%emt 0:01:37] A34: Symmetrical English: 2 Nc3, lines with ...d5.} Nxd4 13. Bxd4 Be6 14. Qd2 {[%emt 0:00:27] White is better.} Bxd4 15. Qxd4 Qa5 16. a3 Rac8 17. Rfd1 {[%emt 0:01:52] [#]} g6 $146 ({Predecessor:} 17... Rxc1 18. Rxc1 Rd8 19. Qc3 Qb5 20. e3 f6 21. Qd4 b6 22. e4 Qd7 23. exd5 Bxd5 24. Qxd5+ Qxd5 25. Bxd5+ Rxd5 {½-½ Duncanson,H (2118)-Agafonov,Y (2103) BCF-chT1 2021 (4NCL) online 2020 (7.23)}) 18. e3 {[%emt 0:08:18] White is more active.} (18. Bxd5 $2 {perishes.} Rxc1 19. Rxc1 Bxd5 $19) (18. Rxc8 {simplifies} Rxc8 19. Bxd5 Bxd5 20. Qxd5 Qxd5 21. Rxd5 Rc2 22. Rb5) 18... Rc6 19. Rxc6 (19. Bxd5 $2 {loses.} Rxc1 20. Rxc1 Bxd5 $19) 19... bxc6 {[%emt 0:00:12] Black is weak on the dark squares} 20. Rc1 Rb8 21. h4 (21. Rxc6 {gets mated.} Qe1+ 22. Bf1 Bh3 23. Qd3 Rxb2 24. Kh1 Qxf2) (21. Bf3 $5 ) 21... Qb6 (21... Rb3 {feels hotter.} 22. h5 gxh5 23. Qf6 Qb6) 22. Qxb6 (22. b4 $14) 22... Rxb6 $14 {[%emt 0:00:16][%mdl 4096] Endgame KRB-KRB} 23. b4 Kf8 (23... Ra6 $1 $11) 24. Rc5 ({White should play} 24. Bf1 $14) 24... Ra6 $1 $11 25. Rc3 Ke7 26. Kf1 Kd6 27. Ke2 Rb6 (27... Ra4 $5 ) 28. e4 a5 29. bxa5 Ra6 30. exd5 Bxd5 31. Bf3 Be4 $2 {[%mdl 8192] [#]} 32. Bxe4 {[%emt 0:00:00][%mdl 32768] Weighted Error Value: White=0.19 (very precise) /Black=0.39.  Loses game:     	---       	Black=1      Missed win:     	---       	---        Mistake:       	White=2     	Black=1      Inaccurate:     	White=4     	Black=3      OK:         	White=5     	Black=9      Best:        	White=1     	---        Strong:       	---       	Black=1      Brilliant:      	---       	---       . An unexpected result.} 1/2-1/2